 Dungeon Crawl Stone Soup version 0.26-a0-597-gb535b0901c (webtiles) character file.

Game seed: 944039399085272809

51328 Lanoc the Fetichist (level 14, -2/126 HPs)
             Began as a White Draconian Artificer on Sept 5, 2020.
             Was a Believer of Uskayaw.
             Killed from afar by an orc sorcerer (35 damage)
             ... with a bolt of fire
             ... in a volcano.
             The game lasted 00:38:57 (21071 turns).

Lanoc the Fetichist (White Draconian Artificer)    Turns: 21071, Time: 00:38:58

Health: -2/126     AC: 23    Str: 20      XL:     14   Next: 23%
Magic:  22/22      EV: 23    Int:  7 (9)  God:    Uskayaw [**....]
Gold:   1046       SH:  0    Dex: 15      Spells: 13/13 levels left

rFire    . . .     SeeInvis .   h - +6 falchion "Killer Bee's Doom" {protect, rN++ Str+3}
rCold    + . .     Faith    .   (no shield)
rNeg     + + .     Spirit   .   (armour unavailable)
rPois    .         Reflect  .   (helmet restricted)
rElec    .         Harm     .   (no cloak)
rCorr    .                      f - +3 pair of gauntlets of War {Slay+5}
MR       +....                  (no boots)
Stlth    ++........             Q - amulet of the acrobat
HPRegen  0.31/turn              k - +4 ring of protection
MPRegen  0.18/turn              j - +4 ring of evasion

@: protection aura
A: breathe frost, unfitting armour, cold resistance 1, dopey 1, cold-blooded, AC
+8
a: Breathe Frost, Stomp, Line Pass, Renounce Religion


You were in a volcano.
You worshipped Uskayaw.
Uskayaw was aware of your devotion.
You visited 3 branches of the dungeon, and saw 17 of its levels.
You visited the Abyss 1 time.
You visited 1 bazaar.
You also visited: Sewer, Bailey and Volcano.

You collected 1746 gold pieces.
You spent 700 gold pieces at shops.

Inventory:

Hand Weapons
 b - a +3 hand axe of electrocution
 h - the +6 falchion "Killer Bee's Doom" (weapon) {protect, rN++ Str+3}
   (You found it on level 10 of the Dungeon)

   It grants its wielder temporary protection when it strikes (+7 to AC).
   It affects your strength (+3).
   It greatly protects you from negative energy.
 L - a +0 broad axe
Missiles
 g - 6 atropa-tipped darts
 v - 4 curare-tipped darts (quivered)
 w - a throwing net
Armour
 f - the +3 pair of gauntlets of War (worn) {Slay+5}
   (You acquired it on level 6 of the Dungeon)

   It affects your accuracy and damage with ranged weapons and melee attacks
   (+5).
 n - a +2 kite shield of protection
Magical Staves
 a - an uncursed staff of fire
Jewellery
 j - a +4 ring of evasion (right hand)
 k - a +4 ring of protection (left hand)
 r - an uncursed ring of see invisible
 N - an uncursed ring of protection from cold
 Q - an amulet of the acrobat (around neck)
Wands
 c - a wand of enslavement (11)
 o - a wand of paralysis (15)
 u - a wand of iceblast (3)
 y - a wand of disintegration (6)
 R - a wand of random effects (12)
 T - a wand of flame (21)
Scrolls
 e - 9 scrolls of teleportation
 m - 2 scrolls of fear
 t - 4 scrolls of enchant armour
 x - a scroll of magic mapping
 A - 4 scrolls of fog
 D - a scroll of silence {unknown}
 E - 2 scrolls of immolation {unknown}
 F - a scroll of blinking {unknown}
 H - 3 scrolls of amnesia {unknown}
 M - a scroll of enchant weapon
 O - 2 scrolls of remove curse
 U - a scroll of brand weapon {unknown}
Potions
 d - 2 potions of degeneration {unknown}
 i - a potion of invisibility
 l - 2 potions of berserk rage {unknown}
 p - 3 potions of stabbing
 q - 3 potions of haste
 s - 6 potions of flight
 z - a potion of cancellation
 I - a potion of ambrosia {unknown}
 J - 2 potions of curing
 K - a potion of might {unknown}
 P - a potion of magic
 S - a potion of lignification {unknown}
Miscellaneous
 B - a phantom mirror
 G - a tin of tremorstones (2/3)


   Skills:
 + Level 12.1 Fighting
 + Level 10.6 Dodging
 - Level 0.8 Stealth
 + Level 11.0 Invocations
 * Level 15.3 Evocations


You had 13 spell levels left.
You didn't know any spells.
Your spell library contained the following spells:

 Spells                   Type           Power        Failure   Level
 Beastly Appendage        Tmut           #.....       43%         1
 Summon Small Mammal      Summ           #...         43%         1
 Call Imp                 Summ           #.......     56%         2
 Wereblood                Tmut           #.......     56%         2
 Call Canine Familiar     Summ           #.......     80%         3
 Confusing Touch          Hex            #.......     80%         3
 Gell's Gravitas          Tloc           #.........   80%         3
 Spider Form              Tmut/Pois      #.........   80%         3
 Summon Guardian Golem    Hex/Summ       #.......     80%         3
 Ice Form                 Ice/Tmut       #.......     99%         4
 Petrify                  Tmut/Erth      #.......     99%         4
 Summon Ice Beast         Ice/Summ       #.......     99%         4
 Summon Lightning Spire   Summ/Air       #.......     99%         4
 Blade Hands              Tmut           #.........   100%        5
 Metabolic Englaciation   Hex/Ice        #.........   100%        5
 Yara's Violent Unravell  Hex/Tmut       #.........   100%        5


Dungeon Overview and Level Annotations

Branches:
Dungeon (15/15)            Temple (1/1) D:6            Lair (0/6) D:10
    Orc (1/2) D:12         Vaults (0/5) D:14          Sewer (visited)
 Bailey (visited)         Volcano (1/1)
 Depths: D:15

Altars:
Cheibriados
Dithmenos
Elyvilon
Fedhas
Gozag
Hepliaklqana
Kikubaaqudgha
Makhleb
Nemelex Xobeh
Okawaru
Qazlal
Ru
Sif Muna
Trog
Uskayaw
Vehumet
Wu Jian
Xom
Yredelemnul
Zin
The Shining One
Beogh
Lugonu

Shops:
D:7 *   D:8 =([=   D:12 ?

Annotations:
D:12 2 transporters, Jopligyi's ghost, journeyman MiBe


Innate Abilities, Weirdness & Mutations

You can breathe waves of freezing cold.
You can buffet flying creatures when you breathe cold.
Your icy white scales are hard. (AC +8)
You cannot fit into any form of body armour.
Your flesh is cold resistant. (rC+)
You are cold-blooded and may be slowed by cold attacks.
You are dopey. (Int -2)


Message History

The orc sorcerer is moderately wounded.
The orc sorcerer misses you.
You slash the orc sorcerer!
You tail-slap the orc sorcerer, but do no damage.
The orc sorcerer is severely wounded.
The orc sorcerer points at you and mumbles some strange words.
The bolt of fire misses you.
You barely miss the orc sorcerer. You tail-slap the orc sorcerer.
The orc sorcerer is severely wounded.
The orc sorcerer misses you.
You riposte.
You hit the orc sorcerer.
The orc sorcerer is severely wounded.
You closely miss the orc sorcerer.
You tail-slap the orc sorcerer, but do no damage.
The orc sorcerer is severely wounded.
The orc sorcerer hits you but does no damage.
You closely miss the orc sorcerer.
Your tail-slap misses the orc sorcerer.
The orc sorcerer is severely wounded.
The orc sorcerer points at you and mumbles some strange words.
The bolt of fire hits you!!
You die...

...§≈§≈§§≈§§≈§§≈≈§..#
.....≈§≈§≈§§≈≈≈§≈≈..#
##...≈§§§≈§≈≈§≈≈§..##
###.§≈§§§≈≈≈§.....#
#.§.§§§§≈.......#
##...≈≈≈§.......#
##.§.§§..##...##
##.....###8.8#
##...## ##@## ##...#
#o# ########4########
##....##.3.##....##
#).....'.∩.'†.....#
#$8..⌠.#.†.#.⌠..8.#
#......##†##......#
##....##...##....##
###8###...###8###


You could see an ice devil (summoned), a smoke demon and an orc sorcerer
(resistant).

Vanquished Creatures
  4 vault guards
  3 hydras
  A centaur warrior (D:14)
  A tengu warrior (D:11)
  7 two-headed ogres
  Urug (D:12)
  An unseen horror (D:12)
  2 wolf spider zombies
  3 orc knights
  A deep elf mage (D:14)
  7 ugly things
  A cyclops (D:13)
  A manticore (D:13)
  An orc sorcerer (D:15)
  Psyche (D:9)
  3 gargoyles
  A cane toad (shapeshifter) (D:13)
  A red devil (Volcano)
  A tengu conjurer (D:11)
  6 trolls
  5 hippogriffs
  A shadow (D:11)
  A wyvern (D:14)
  13 yaks (D:11)
  5 fire bats (Volcano)
  4 wraiths
  A basilisk (D:13)
  Eustachio (D:6)
  3 wargs
  A steam dragon (D:14)
  2 vampire mosquitoes (D:11)
  2 hell hounds (Volcano)
  15 orc warriors
  3 black bears
  8 ice beasts
  3 sky beasts
  A hornet zombie (D:14)
  A necrophage (D:14)
  A phantom (D:11)
  An eye of draining (D:13)
  6 ogres
  3 boggarts (D:14)
  A crocodile (Sewer)
  8 centaurs
  2 big kobolds
  Blork the orc (D:3)
  10 bullfrogs
  A wyvern skeleton (D:11)
  7 scorpions
  11 wights
  6 howler monkeys
  31 killer bees
  A vampire bat (D:4)
  4 electric eels (D:10)
  4 centaur zombies
  A bullfrog zombie (D:11)
  7 lava snakes (Volcano)
  8 orc priests
  2 centaur skeletons
  7 hounds
  5 jellies
  11 orc wizards
  3 bullfrog skeletons
  4 iguanas
  15 worker ants
  2 killer bee zombies
  2 hound skeletons
  2 worker ant zombies
  13 adders
  5 gnolls
  7 white imps
  4 ufetubi
  An ooze (D:3)
  An adder zombie (D:5)
  2 adder skeletons (D:6)
  2 worms (D:3)
  3 leopard geckos
  74 orcs
  2 bat skeletons (D:4)
  4 bat zombies (D:4)
  6 giant cockroaches
  8 goblins
  2 hobgoblins (Bailey)
  7 jackals
  4 quokkas
  2 ball pythons
  7 bats
  3 frilled lizards
  23 kobolds
  5 rats
  A bush (D:8)
470 creatures vanquished.

Vanquished Creatures (collateral kills)
  3 orc warriors (D:12)
  A necrophage (D:12)
  An orc (D:12)
  3 jackals
8 creatures vanquished.

Vanquished Creatures (others)
  2 ugly things
  An adder (D:3)
  An orc (D:3)
  A plant (D:4)
5 creatures vanquished.

Grand Total: 483 creatures vanquished

Notes
Turn   | Place    | Note
-------+----------+-------------------------------------------
     0 | D:1      | Lanoc the Draconian Artificer began the quest for the Orb.
     0 | D:1      | Reached XP level 1. HP: 16/16 MP: 1/1
   305 | D:1      | Reached XP level 2. HP: 15/23 MP: 2/2
   506 | D:3      | Found a glowing silver altar of Zin.
   885 | D:3      | Reached XP level 3. HP: 20/29 MP: 3/3
  1454 | D:3      | Reached skill level 4 in Evocations
  1454 | D:3      | Reached XP level 4. HP: 12/37 MP: 4/4
  2379 | D:4      | Found an ancient bone altar of Kikubaaqudgha.
  2438 | D:4      | Reached XP level 5. HP: 39/44 MP: 5/5
  2589 | D:4      | Found a sacrificial altar of Ru.
  2611 | D:4      | Became a worshipper of Ru the Awakened
  2614 | D:4      | Noticed Blork the orc
  2687 | D:3      | Killed Blork the orc
  2687 | D:3      | Reached skill level 5 in Evocations
  3266 | D:3      | Reached XP level 6. HP: 51/51 MP: 6/6
  3950 | D:5      | Entered Level 5 of the Dungeon
  4530 | D:5      | Reached skill level 6 in Evocations
  4562 | D:5      | Found a burning altar of Makhleb.
  4574 | D:5      | Your scales start taking on an icy white colour.
  4574 | D:5      | Reached XP level 7. HP: 46/59 MP: 7/7
  4574 | D:5      | Gained mutation: Your flesh is cold resistant. (rC+) [White
                  | Draconian growth]
  5516 | D:6      | Identified a scroll of acquirement
  5516 | D:6      | Acquired the +3 pair of gauntlets of War {Slay+5}
  5517 | D:6      | Found the +3 pair of gauntlets of War {Slay+5}
  5527 | D:6      | Reached skill level 7 in Evocations
  5572 | D:6      | Reached skill level 5 in Fighting
  5574 | D:6      | Found a glowing drain.
  5589 | Sewer    | Entered a sewer
  5596 | Sewer    | Reached XP level 8. HP: 64/68 MP: 8/8
  5817 | D:6      | Found a staircase to the Ecumenical Temple.
  5832 | Temple   | Entered the Ecumenical Temple
  5914 | Temple   | Fell from the grace of Ru
  5914 | Temple   | Became a worshipper of Uskayaw the Reveler
  6084 | D:6      | Reached * piety under Uskayaw
  6117 | D:6      | Reached ** piety under Uskayaw
  6217 | D:6      | Noticed Eustachio
  6220 | D:6      | Reached skill level 5 in Dodging
  6220 | D:6      | Reached skill level 1 in Invocations
  6223 | D:6      | Reached *** piety under Uskayaw
  6224 | D:6      | Killed Eustachio
  6527 | D:6      | Reached skill level 8 in Evocations
  7032 | D:7      | Reached XP level 9. HP: 73/75 MP: 11/11
  7222 | D:7      | Reached **** piety under Uskayaw
  7375 | D:7      | Found a glowing golden altar of the Shining One.
  7475 | D:7      | Found a sparkling altar of Nemelex Xobeh.
  7476 | D:7      | Found a shimmering altar of Xom.
  7495 | D:7      | Found Ocvot's Lightly-Used Armoury.
  7574 | D:7      | Found an opulent altar of Gozag.
  7585 | D:7      | Reached skill level 9 in Evocations
  8040 | D:8      | Reached ***** piety under Uskayaw
  8409 | D:8      | Found Hyhif's Jewellery Boutique.
  8411 | D:8      | Found Mypimi's Weapon Boutique.
  8411 | D:8      | Found Luguk's Armour Boutique.
  8420 | D:8      | Found Zohanime's Jewellery Boutique.
  8618 | D:8      | Reached skill level 10 in Evocations
  8918 | D:9      | Noticed Psyche
  8961 | D:9      | Found an ornate altar of the Wu Jian Council.
  8963 | D:9      | Reached skill level 5 in Invocations
  8987 | D:9      | Cast into level 1 of the Abyss (Psyche)
  8987 | Abyss:1  | Found a corrupted altar of Lugonu.
  8995 | D:9      | Escaped the Abyss
  8996 | D:9      | Reached XP level 10. HP: 44/86 MP: 13/13
  9012 | D:9      | Killed Psyche
  9738 | D:9      | Found a basalt altar of Yredelemnul.
  9854 | D:9      | Noticed a two-headed ogre
  9863 | D:9      | Killed a two-headed ogre
  9958 | D:9      | Reached skill level 11 in Evocations
 10216 | D:9      | Found an iron altar of Okawaru.
 10438 | D:9      | Found a radiant altar of Vehumet.
 10438 | D:9      | Found a blossoming altar of Fedhas.
 10568 | D:10     | Entered Level 10 of the Dungeon
 11368 | D:10     | Got a smoking falchion
 11369 | D:10     | Identified the +6 falchion "Killer Bee's Doom" {protect,
                  | rN++ Str+3} (You found it on level 10 of the Dungeon)
 12388 | D:10     | Found a staircase to the Lair.
 12558 | D:11     | Noticed a tengu warrior
 12560 | D:11     | Reached XP level 11. HP: 95/95 MP: 14/16
 12564 | D:11     | Killed a tengu warrior
 12764 | D:11     | Noticed a two-headed ogre
 12772 | D:11     | Killed a two-headed ogre
 12932 | D:11     | Noticed a purple ugly thing
 12941 | D:11     | Killed a purple ugly thing
 12941 | D:11     | Reached skill level 12 in Evocations
 13317 | D:11     | Noticed a brown ugly thing
 13332 | D:11     | Killed a brown ugly thing
 13711 | D:12     | Found a transporter.
 13711 | D:12     | Found a transporter.
 13711 | D:12     | Noticed Jopligyi's ghost (journeyman MiBe)
 13712 | D:12     | Noticed a death knight
 13713 | D:12     | Noticed a phantasmal warrior
 13729 | D:12     | Noticed an orc knight
 13742 | D:12     | Reached ****** piety under Uskayaw
 13762 | D:12     | Killed an orc knight
 13797 | D:12     | Noticed a two-headed ogre
 13816 | D:12     | Killed a two-headed ogre
 13935 | D:12     | Found Yhiaqok's Magic Scroll Shoppe.
 14067 | D:12     | Reached skill level 10 in Fighting
 14081 | D:12     | Reached XP level 12. HP: 94/106 MP: 18/18
 14081 | D:12     | Noticed an eight-headed hydra
 14095 | D:12     | Killed an eight-headed hydra
 14096 | D:12     | Reached skill level 13 in Evocations
 14363 | D:12     | Noticed a two-headed ogre
 14374 | D:12     | Killed a two-headed ogre
 14557 | D:12     | Noticed Urug
 14578 | D:12     | Killed Urug
 14859 | D:12     | Found a staircase to the Orcish Mines.
 15622 | D:13     | Found a flickering gateway to a bazaar.
 15637 | Bazaar   | Entered a bazaar
 15639 | Bazaar   | Found Geexism's Armour Boutique.
 15643 | Bazaar   | Found Xupapn's General Store.
 15643 | Bazaar   | Found Inimiaq's General Store.
 15644 | Bazaar   | Found Ferphuoq's Antique Armour Boutique.
 15681 | Bazaar   | Bought a potion of experience for 700 gold pieces
 15688 | Bazaar   | Reached skill level 14 in Evocations
 15688 | Bazaar   | Reached XP level 13. HP: 73/116 MP: 18/20
 15746 | D:13     | Found a flagged portal.
 15752 | Bailey   | Entered a bailey
 16799 | D:13     | Reached skill level 10 in Invocations
 17594 | D:14     | Found a gate to the Vaults.
 17631 | D:14     | Reached skill level 10 in Dodging
 18073 | D:14     | Identified the +2 whip of the Pit {vamp, rC+ Int+4}
 19085 | D:14     | Reached skill level 15 in Evocations
 19088 | D:14     | Reached XP level 14. HP: 87/125 MP: 21/21
 19783 | D:15     | Entered Level 15 of the Dungeon
 20448 | Orc:1    | Entered Level 1 of the Orcish Mines
 20457 | Orc:1    | Found a roughly hewn altar of Beogh.
 20524 | Orc:1    | Found a dark tunnel.
 20746 | Volcano  | Entered a volcano
 21037 | Volcano  | Found a bloodstained altar of Trog.
 21062 | Volcano  | Gained mutation: You are dopey. (Int -2) [a neqoxec]
 21071 | Volcano  | Killed from afar by an orc sorcerer

Illustrated notes

Levels and vault maps discovered:
D:1:      saegor_arrival_simple_b, layout_loops_cross
D:2:      layout_loops_ring, nicolae_overflow_crystal_walls, uniq_sigmund
D:3:      layout_basic, old_standard_altar
D:4:      layout_cave_pools, overflow_temple_1_default,
          kennysheep_vampire_church, dk_noncrumbling_3, serial_bayou_lagoon_b,
          uniq_blork_the_orc
D:5:      layout_gridville, kennysheep_mini_moat, kennysheep_nub
D:6:      layout_loops_ring, minmay_temple_entry_sparse_star,
          cheibrodos_sewer_entry_drain, uniq_eustachio
D:7:      layout_basic, grunt_gozag_statues, lemuel_coloured_pillars_altar,
          nicolae_overflow_hidden_temple, minmay_shop_damaged,
          kennysheep_another_room
D:8:      layout_rooms, minmay_shop_grid_forest, chequers_decorated_corner,
          kb_lookout_dungeons_type
D:9:      layout_long_grid, marbit_many_paths, lemuel_crystal_altar,
          gammafunk_temple_overflow_pools, basic_altar, minivault_19,
          uniq_psyche
D:10:     layout_basic, lair_entry_dummy
D:11:     layout_roguey
D:12:     layout_irregular_city, david_orc_1_choice, serial_shops, shop,
          gammafunk_ghost_arena, uniq_urug
D:13:     layout_loops_ring, serial_shops, bzr_entry_road, enter_bailey_3
D:14:     layout_long_grid, lightli_vaults_fourway_checkpoint, nicolae_wwwww
D:15:     hangedman_depths_entry_civil_slaughter, layout_basic,
          nrook_pool_corridor, basic_altar, uniq_jorgrun
Temple:   corrupted_temple
Orc:1:    layout_caves, basic_altar, enter_volcano_1, nicolae_orc_stony_grotto,
          uniq_nergalle
Volcano:  volcano_grotto [vgs_many_chambers]

Skill      XL: |  1  2  3  4  5  6  7  8  9 10 11 12 13 14 |
---------------+-------------------------------------------+-----
Fighting       | 2 3 4 5 6 7 8 10 11 12 | 12.1
Evocations     | 4 5 6 7 8 10 11 12 14 15 | 15.3
Dodging        | 3 4 5 6 7 8 9 10 | 10.6
Invocations    | 2 5 6 8 9 10 11 | 11.0
Stealth        | |  0.8

Action                   |  1- 3 |  4- 6 |  7- 9 | 10-12 | 13-15 || total
-------------------------+-------+-------+-------+-------+-------++-------
Melee: Club              |    54 |       |       |       |       ||    54
       Tailslap          |    13 |    42 |    29 |   117 |   111 ||   312
       Staff             |    71 |   197 |       |       |       ||   268
       Dagger            |       |   111 |    38 |       |       ||   149
       Hand axe          |       |       |   244 |   128 |       ||   372
       Falchion          |       |       |       |   351 |   408 ||   759
Throw: Dart              |       |       |       |     4 |     2 ||     6
 Abil: Breathe Frost     |       |       |     7 |    11 |     6 ||    24
Evoke: Wand              |    17 |    13 |       |    13 |    19 ||    62
       Tin of tremorston |       |       |       |       |     4 ||     4
  Use: Scroll            |       |     1 |    11 |     9 |     3 ||    24
       Potion            |       |     1 |       |     3 |     2 ||     6
 Stab: Sleeping          |     1 |     3 |       |     1 |     2 ||     7
       Paralysed         |       |       |    25 |    56 |    36 ||   117
Armor: Skin              |    52 |    79 |   114 |   244 |   125 ||   614
Dodge: Dodged            |    90 |   363 |   312 |   638 |   575 ||  1978
       Rpst.: Falchion   |       |       |       |   129 |   137 ||   266

Table legend: (Time is in decaauts)
 A = Elapsed time spent in this place.
 B = Non-inter-level travel time spent in this place.
 C = Inter-level travel time spent in this place.
 D = Time resting spent in this place.
 E = Time spent auto-exploring this place.
 F = Levels seen in this place.
 G = Mean time per level.
                   A        B        C        D        E       F      G
               +--------+--------+--------+--------+--------+-----+--------+
         Total |  21580 |  21039 |    541 |   3851 |  12743 |  22 |  980.9 |
       Dungeon |  19971 |  19440 |    531 |   3553 |  12147 |  15 | 1331.4 |
        Temple |     94 |     84 |     10 |      0 |     52 |   1 |   94.0 |
  Orcish Mines |    306 |    306 |      0 |    206 |      0 |   1 |  306.0 |
         Abyss |      7 |      7 |      0 |      0 |      0 |   1 |    7.0 |
        Bazaar |     54 |     54 |      0 |      0 |      0 |   1 |   54.0 |
         Sewer |    221 |    221 |      0 |      0 |    192 |   1 |  221.0 |
        Bailey |    581 |    581 |      0 |      0 |    351 |   1 |  581.0 |
       Volcano |    343 |    343 |      0 |     92 |      0 |   1 |  343.0 |
               +--------+--------+--------+--------+--------+-----+--------+

Top non-repeatable levels by time:
    D:13: 2771 daAuts
     D:3: 2248 daAuts
    D:10: 2075 daAuts
    D:12: 1952 daAuts
     D:9: 1667 daAuts
     D:5: 1532 daAuts
     D:4: 1393 daAuts
    D:14: 1324 daAuts
     D:7: 1236 daAuts
    D:11: 1204 daAuts
     D:6: 1024 daAuts
     D:8: 900 daAuts
  Bailey: 581 daAuts
 Volcano: 343 daAuts
     D:1: 328 daAuts
